AoeStats
← chengyp8676

African Clearing

505043636Analyzed
4v4 RM · 26d ago on Sep 7, 2026· 89m 29s· 8 players
Game mode
Random Map
Map size
Large (8 player)
Population
200
Speed
Normal
Resources
Standard
Victory
Conquest
Starting age
Dark Age
Ending age
Imperial Age
RankedLock teamsTeams togetherTeam positionsShared explorationLock speedFull tech treeHidden civsTurbo modeCheats
Victory
Defeat
🇭🇰 Cumans · Hong Kong SAR China
1359
+13
🇨🇳 Japanese · China
1357
+13
🇭🇰 Vietnamese · Hong Kong SAR China
1265
+16
🇨🇳 Vikings · China
1229
+17
🇧🇷 Berbers · Brazil
1319
-17
🇦🇷 Franks · Argentina
1285
-15
🇧🇷 Bulgarians · Brazil
1265
-14
🇵🇪 Khmer · Peru
1240
-13
Fs.hiGhly_
4:20 Loom
12:37 Feudal Age
20:01 Castle Age
19:17 Bloodlines
19:34 Forging
19:58 Double-Bit Axe
19:56 Horse Collar
29:20 Iron Casting
33:54 Bow Saw
34:28 Husbandry
36:14 Wheelbarrow
35:25 Town Watch
37:01 Scale Barding Armor
41:35 Imperial Age
39:06 Fletching
39:36 Chain Barding Armor
39:10 Fletching
39:20 Padded Archer Armor
40:21 Light Cavalry
41:49 Bodkin Arrow
42:10 Leather Archer Armor
41:47 Cavalier
43:03 Plate Barding Armor
46:11 Conscription
46:12 Bracer
46:42 Ring Archer Armor
46:37 Ballistics
47:13 Hand Cart
48:01 Blast Furnace
49:26 Chemistry
49:19 Ring Archer Armor
48:47 Hussar
50:18 Thumb Ring
55:35 Capped Ram
65:05 Caravan
[GDL] ANIBARRR
4:37 Loom
11:42 Feudal Age
13:35 Double-Bit Axe
17:45 Town Watch
20:51 Castle Age
23:14 Bow Saw
24:17 Scale Barding Armor
25:13 Chain Barding Armor
25:45 Wheelbarrow
25:29 Light Cavalry
30:33 Fletching
31:26 Ballistics
31:32 Bodkin Arrow
32:22 Hand Cart
32:45 Padded Archer Armor
33:44 Leather Archer Armor
38:42 Imperial Age
36:56 Gold Mining
36:57 Stone Mining
37:24 Bloodlines
37:15 Husbandry
38:43 Forging
38:54 Hussar
40:53 Plate Barding Armor
42:18 Chemistry
41:52 Heavy Scorpion
46:03 Double Crossbow
54:37 Siege Engineers
59:50 Pikeman
60:32 Scale Mail Armor
61:08 Iron Casting
62:14 Halberdier
63:11 Chain Mail Armor
63:57 Blast Furnace
63:47 Bracer
65:00 Blast Furnace
64:31 Ring Archer Armor
63:49 Arson
KEVINLUCIANO631
10:16 Loom
12:22 Feudal Age
13:52 Double-Bit Axe
17:25 Forging
20:01 Wheelbarrow
23:02 Castle Age
21:49 Scale Barding Armor
24:05 Chain Barding Armor
24:29 Bow Saw
26:56 Husbandry
32:06 Iron Casting
39:25 Imperial Age
39:32 Gold Mining
39:29 Cavalier
40:47 Plate Barding Armor
41:36 Blast Furnace
41:00 Hand Cart
42:36 Light Cavalry
44:37 Paladin
51:26 Scale Mail Armor
51:58 Pikeman
52:39 Squires
52:24 Arson
52:25 Gambesons
53:30 Conscription
52:48 Halberdier
54:15 Chain Mail Armor
57:28 Plate Mail Armor
58:17 Fletching
58:28 Padded Archer Armor
58:51 Ballistics
59:32 Chemistry
58:25 Elite Skirmisher
58:38 Elite Genitour
64:24 Bodkin Arrow
64:44 Leather Archer Armor
74:10 Gold Shaft Mining
78:19 Elite Skirmisher
Bile
7:08 Loom
13:42 Feudal Age
16:29 Scale Mail Armor
17:05 Forging
17:32 Arson
24:01 Horse Collar
28:38 Stone Mining
28:40 Double-Bit Axe
31:29 Castle Age
38:32 Fletching
39:43 Bodkin Arrow
48:03 Gambesons
48:26 Squires
49:03 Iron Casting
48:44 Chain Mail Armor
49:57 Bow Saw
49:51 Heavy Plow
50:25 Town Watch
53:23 Scale Barding Armor
61:17 Imperial Age
63:52 Imperial Age
65:05 Bagains
69:21 Blast Furnace
70:07 Plate Mail Armor
73:04 Wheelbarrow
76:33 Conscription
76:15 Bracer
77:15 Scale Barding Armor
78:15 Crop Rotation
78:04 Gold Mining
78:38 Hand Cart
78:24 Town Patrol
80:06 Gold Shaft Mining
79:37 Stirrups
80:44 Chain Barding Armor
80:25 Elite Konnik
81:43 Husbandry
81:54 Bloodlines
83:22 Stone Shaft Mining
chengyp8676
5:58 Loom
12:58 Feudal Age
13:30 Double-Bit Axe
14:28 Gold Mining
15:26 Gold Mining
19:27 Wheelbarrow
19:17 Fletching
20:35 Padded Archer Armor
26:05 Castle Age
24:15 Horse Collar
26:56 Bow Saw
27:04 Hand Cart
27:11 Bodkin Arrow
28:09 Crossbowman
29:06 Heavy Plow
29:43 Thumb Ring
34:38 Ballistics
41:53 Stone Mining
44:50 Imperial Age
44:22 Stone Shaft Mining
44:53 Leather Archer Armor
46:40 Two-Man Saw
46:13 Crop Rotation
45:51 Scale Barding Armor
45:56 Forging
45:52 Scale Barding Armor
45:57 Forging
47:06 Chain Barding Armor
48:03 Iron Casting
47:32 Chatras
48:19 Bloodlines
48:18 Husbandry
48:33 Elite Battle Elephant
50:21 Plate Barding Armor
55:43 Paper Money
59:00 Bracer
60:11 Light Cavalry
63:17 Caravan
63:54 Coinage
66:19 Banking
66:02 Guilds
67:40 Hoardings
79:30 Ring Archer Armor
78:32 Elite Skirmisher
79:50 Imperial Skirmisher
87:48 Chemistry
86:14 Arbalester
進清十郎
7:05 Loom
13:36 Feudal Age
15:09 Double-Bit Axe
21:38 Horse Collar
23:09 Stone Mining
23:55 Gold Mining
26:14 Castle Age
25:18 Fletching
25:29 Padded Archer Armor
26:22 Bloodlines
27:41 Wheelbarrow
28:04 Bow Saw
27:55 Heavy Plow
27:59 Bodkin Arrow
30:43 Ballistics
32:25 Leather Archer Armor
33:06 Hand Cart
33:20 Steppe Husbandry
37:50 Imperial Age
36:05 Scale Mail Armor
36:16 Forging
36:04 Pikeman
36:44 Squires
36:30 Arson
37:03 Chain Mail Armor
38:09 Gold Shaft Mining
39:03 Iron Casting
38:14 Halberdier
39:26 Ring Archer Armor
39:28 Plate Mail Armor
39:36 Conscription
39:26 Cuman Mercenaries
41:21 Blast Furnace
41:23 Chemistry
41:30 Elite Kipchak
44:26 Elite Kipchak
52:04 Murder Holes
61:41 Elite Steppe Lancer
64:58 Light Cavalry
65:45 Scale Barding Armor
66:11 Hussar
68:34 Chain Barding Armor
83:50 Plate Barding Armor
素素村长
3:50 Loom
14:45 Feudal Age
18:33 Castle Age
16:32 Double-Bit Axe
20:32 Bow Saw
21:51 Padded Archer Armor
22:23 Fishing Lines
23:37 Fletching
24:41 Gold Mining
24:33 Horse Collar
25:40 Bodkin Arrow
26:00 Leather Archer Armor
26:21 Ballistics
27:17 Wheelbarrow
27:21 Gold Shaft Mining
27:37 Town Watch
30:40 Hand Cart
31:04 Husbandry
31:15 Bloodlines
31:13 Gillnets
40:16 Imperial Age
40:35 Heavy Cavalry Archer
41:24 Thumb Ring
41:45 Parthian Tactics
42:12 Stone Mining
43:25 Two-Man Saw
42:27 Heavy Plow
43:28 Bracer
43:58 Ring Archer Armor
46:37 Conscription
46:09 Light Cavalry
46:55 Scale Barding Armor
47:01 Forging
48:48 Pikeman
49:59 Halberdier
51:57 Scale Mail Armor
58:23 Chain Mail Armor
62:58 Plate Mail Armor
62:49 Chain Barding Armor
63:43 Capped Ram
66:11 Kataparuto
73:53 Caravan
79:42 Town Patrol
80:02 Onager
88:58 Iron Casting
L-loin
13:33 Feudal Age
11:49 Loom
15:36 Man-at-Arms
17:51 Scale Mail Armor
18:02 Forging
17:52 Fletching
18:38 Double-Bit Axe
19:14 Fishing Lines
26:40 Castle Age
26:19 Stone Mining
26:44 Pikeman
28:52 Squires
29:57 Chain Mail Armor
31:16 Town Watch
33:27 Gambesons
38:16 Iron Casting
38:49 Arson
40:17 Horse Collar
44:28 Imperial Age
41:59 Town Patrol
47:07 Gillnets
47:54 Heavy Plow
48:01 Chieftains
48:22 Conscription
49:56 Plate Mail Armor
50:27 Blast Furnace
49:56 Bow Saw
49:50 Elite Berserk
50:40 Bodkin Arrow
50:41 Long Swordsman
54:07 Bracer
54:13 Scale Barding Armor
54:39 Crop Rotation
55:13 Two-Man Saw
54:06 Gold Mining
56:57 Gold Shaft Mining
69:44 Caravan
76:04 Two-Handed Swordsman
76:47 Padded Archer Armor
80:01 Champion
81:03 Leather Archer Armor
82:49 Masonry
82:36 Murder Holes
83:02 Ballistics
85:20 Architecture
84:57 Siege Engineers
84:44 Heated Shot
Connection lost

Rejoining the realm…

Still unreachable

The connection could not be restored.

Session expired

The server has moved on; the page needs a fresh start.